[Event "*** Titled Tuesday 3|2 Blitz"]
[Site "Chess.com"]
[Date "2015.05.05"]
[Round "1"]
[White "jlandaw"]
[Black "ProphetoftheLord"]
[Result "1-0"]
[WhiteElo "2364"]
[BlackElo "2007"]
[TimeControl "180+2"]
[EndTime "11:08:10 PDT"]
[Termination "jlandaw won by resignation"]

1. e4 c5 2. Nc3 Nc6 3. g3 g6 4. Bg2 Bg7 5. d3 d6 6. f4 e6 7. Nf3 Nge7 8. O-O Qd7 9. Be3 Nd4 10. e5 Nxf3+ 11. Qxf3 O-O 12. exd6 Qxd6 13. Ne4 Qd8 14. Rab1 Rb8 15. Bxc5 Bd4+ 16. Bxd4 Qxd4+ 17. Kh1 b6 18. c3 Qd8 19. d4 Bb7 20. Qe2 Nf5 21. Rfe1 Bxe4 22.
Bxe4 Qd6 23. Qb5 a5 24. Rbd1 Ne7 25. Qe5 Qd7 26. d5 exd5 27. Bxd5 Nxd5 28. Qxd5 Qg4 29. Qg2 Rbd8 30. Rxd8 Rxd8 31. h3 Qf5 32. Kh2 Rd3 33.
Re8+ Kg7 34. Qe2 Qd5 35. Qf2 Rd2 36. Re2 Rxe2 37. Qxe2 Qxa2 38. Qe5+ Kg8 39. Qb8+ Kg7 40. Qxb6 Qd5 41. Qd4+ Qxd4 42. cxd4 Kf6 43. Kg2 Ke6 44. Kf3 Kd5 45. Ke3 f5 46. Kd3 h5 47. b3 Kc6 48.
Kc4 Kb6 49. d5 Ka6 50. Kc5 Kb7 51. Kd6 Kc8 52. Ke7 Kc7 53. d6+ Kc6 54. d7 a4 55.
bxa4 1-0

[Event "*** Titled Tuesday 3|2 Blitz"]
[Site "Chess.com"]
[Date "2015.05.05"]
[Round "1"]
[White "amaidel"]
[Black "Hikaru"]
[Result "0-1"]
[WhiteElo "2288"]
[BlackElo "2826"]
[TimeControl "180+2"]
[EndTime "11:08:15 PDT"]
[Termination "Hikaru won by resignation"]

1. e4 d6 2. d4 g6 3. Nc3 Bg7 4. f4 a6 5. Nf3 Bg4 6. Be3 Nd7 7.
h3 Bxf3 8. Qxf3 c5 9. O-O-O cxd4 10.
Bxd4 Bxd4 11. Rxd4 Rc8 12. e5 Qb6 13. Rc4 Rxc4 14. Bxc4 dxe5 15. Rd1 Ngf6 16. g4 Qc6 17. Qd3 O-O 18. g5 Nh5 19. Nd5 Qc5 20. f5 Nb6 21. Bb3 Nxd5 22. Bxd5 Nf4 23. Qe4 Nxd5 24. Qxd5 Qe3+ 25.
Kb1 gxf5 26. Qxb7 Qxg5 27. Qxa6 f4 28. Qa7 Qf5 29. Rg1+ Kh8 30. Qxe7 Rc8 31. Ka1 f3 32. c3 f2 33. Rf1 e4 34. Qd6 f6 35.
Qd4 Rg8 36. a3 Rg2 37. a4 Kg7 38. b4 Qf3 39. Qd7+ Kh6 40. Qc6 Rg1 41. Qc4 Rxf1+ 42. Qxf1 Qxc3+ 43. Ka2 Qe1 0-1

[Event "*** Titled Tuesday 3|2 Blitz"]
[Site "Chess.com"]
[Date "2015.05.05"]
[Round "1"]
[White "WanderingPuppet"]
[Black "Boryboy"]
[Result "0-1"]
[WhiteElo "2098"]
[BlackElo "2421"]
[TimeControl "180+2"]
[EndTime "11:08:37 PDT"]
[Termination "Boryboy won by resignation"]

1. e4 e6 2. d4 d5 3. Nc3 Bb4 4. e5 c5 5. a3 Bxc3+ 6. bxc3 Qa5 7. Bd2 Qa4 8. Nf3 Nc6 9. Bd3 c4 10. Be2 Nge7 11. O-O Bd7 12. Qc1 O-O-O 13. Rb1 Rdf8 14. Qb2 b6 15. Qc1 Rhg8 16. Kh1 f5 17. exf6 gxf6 18. Bf4 Ng6 19. Bg3 f5 20. Be5 Ngxe5 21. Nxe5 Nxe5 22. dxe5 Qa5 23. f4 Qxc3 24. Bf3 Bc6 25.
a4 Bxa4 26. Ra1 b5 27. Ra3 Qb4 28. Qa1 Rg7 29. Rb1 Qa5 30. Qd4 Rc7 31. g4 Qb6 32.
Qc3 fxg4 33. Bxg4 Rxf4 34. Qh3 Bxc2 35. Bxe6+ Kb8 36. Re1 Be4+ 37. Rxe4 Rxe4 38. Ra1 Qd4 39. Rf1 Rxe5 40. Rf8+ Kb7 41. Bc8+ Kb6 42. Rf6+ Rc6 43. Rxc6+ Kxc6 44. Qh6+ Kc5 45. Qf8+ Kc6 46. Qf6+ Kc7 47.
Qf7+ Kxc8 48. Qf8+ Kd7 49. Qf7+ Re7 50. Qf5+ Kc7 0-1

[Event "*** Titled Tuesday 3|2 Blitz"]
[Site "Chess.com"]
[Date "2015.05.05"]
[Round "1"]
[White "AndrewMcStone"]
[Black "lukas_111111"]
[Result "1/2-1/2"]
[WhiteElo "1995"]
[BlackElo "2333"]
[TimeControl "180+2"]
[EndTime "11:08:37 PDT"]
[Termination "Game drawn by repetition"]

1. d4 Nf6 2. c4 g6 3. Nc3 d5 4.
cxd5 Nxd5 5. Bd2 Bg7 6. e4 Nxc3 7. Bxc3 O-O 8. Bc4 c5 9. d5 Bxc3+ 10. bxc3 Qd6 11.
Ne2 f5 12. exf5 Bxf5 13. O-O Nd7 14. Ng3 Nb6 15. Qe2 Rad8 16. Rad1 Nxc4 17. Qxc4 a6 18. a4 Rb8 19. Rfe1 b5 20. axb5 axb5 21. Qh4 Rb7 22. Nxf5 Rxf5 23. Re6 Qd7 24. Qe4 Ra7 25. g4 Rf7 26. d6 exd6 27. Rdxd6 Ra1+ 28. Kg2 Qb7 29. Rc6 Ra8 30. Re8+ Rxe8 31. Qxe8+ Kg7 32. Qe5+ Kg8 33. Qe8+ Rf8 34. Qe6+ Kh8 35. Qe5+ Kg8 36. Qe6+ Kg7 37. Qe5+ Kg8 38. Qe6+ 1/2-1/2

[Event "*** Titled Tuesday 3|2 Blitz"]
[Site "Chess.com"]
[Date "2015.05.05"]
[Round "1"]
[White "Tomsel"]
[Black "geeeeri"]
[Result "1-0"]
[WhiteElo "2357"]
[BlackElo "1986"]
[TimeControl "180+2"]
[EndTime "11:08:44 PDT"]
[Termination "Tomsel won by resignation"]

1. d4 Nf6 2. Bf4 g6 3. Nc3 d6 4. e4 Bg7 5. Qd2 Nbd7 6. Nf3 h6 7. e5 Nh5 8. e6 fxe6 9. Bd3 Nf8 10. O-O-O Bd7 11.
Be3 Bc6 12. Nh4 g5 13. Ng6 Rg8 14. Nxf8 Kxf8 15. f4 g4 16. f5 e5 17. d5 Be8 18.
Bxh6 Nf4 19. Bxg7+ Rxg7 20. g3 Nxd3+ 21. Qxd3 c6 22.
Rdf1 Rf7 23. h3 cxd5 24. hxg4 Kg8 25. Nxd5 Bc6 26. g5 e6 27. fxe6 Qxg5+ 28. Kb1 Rxf1+ 29. Qxf1 Rf8 30. Qh3 Rf1+ 31. Qxf1 Qg7 32. Nf6+ Kf8 33.
Nh5+ Ke7 34. Nxg7 d5 35. Qf7+ Kd6 36. Qf8+ Kc7 37. e7 Kb6 38. e8=Q Ka6 39. Qxe5 Bb5 40. Qa3+ Kb6 41. Rh6+ Bc6 42. Qd4+ Kc7 43. Qd6+ 1-0

[Event "*** Titled Tuesday 3|2 Blitz"]
[Site "Chess.com"]
[Date "2015.05.05"]
[Round "1"]
[White "Shankland"]
[Black "goldaxe"]
[Result "1-0"]
[WhiteElo "2517"]
[BlackElo "2172"]
[TimeControl "180+2"]
[EndTime "11:09:03 PDT"]
[Termination "Shankland won by resignation"]

1. e4 e5 2. Nf3 Nc6 3. Bb5 a6 4. Ba4 Nf6 5. O-O Be7 6. Re1 b5 7. Bb3 d6 8. c3 O-O 9. d4 Bg4 10. Be3 Bh5 11. h3 Na5 12. Bc2 Nc4 13. Bc1 exd4 14.
cxd4 d5 15. e5 Ne4 16. Nc3 Bb4 17. Nxd5 Bxe1 18. Bxe4 Ba5 19. b3 Nb6 20. Nf4 Bxf3 21. Bxf3 Bc3 22. Rb1 Qxd4 23. Qxd4 Bxd4 24. Bxa8 Rxa8 25.
Bb2 Rd8 26. Kf1 Bxb2 27. Rxb2 Rd4 28. g3 Re4 29. Rd2 Kf8 30. Rd8+ Ke7 31. Rh8 Rxe5 32. Rxh7 Kf6 33. Rh8 Nd5 34. Nd3 Re7 35. Rh5 Nc3 36. Nb4 a5 37. Nd5+ Nxd5 38. Rxd5 c6 39. Rc5 Re6 40. a4 bxa4 41. bxa4 Rd6 42. Rxa5 Rd1+ 43. Ke2 Ra1 44. h4 g6 45. g4 Ra3 46. Ra6 Ke7 47. f3 Kd7 48. h5 gxh5 49. gxh5 Ke7 50. h6 Ra2+ 51. Ke3 f6 52. h7 Rh2 53. Ra8 Rxh7 54. Ra7+ Ke6 55. Rxh7 1-0

[Event "*** Titled Tuesday 3|2 Blitz"]
[Site "Chess.com"]
[Date "2015.05.05"]
[Round "1"]
[White "desxmchna"]
[Black "Dlugy"]
[Result "0-1"]
[WhiteElo "2152"]
[BlackElo "2490"]
[TimeControl "180+2"]
[EndTime "11:09:06 PDT"]
[Termination "Dlugy won by resignation"]

1. d4 Nf6 2. c4 g6 3. Nc3 Bg7 4. e4 d6 5. Nf3 O-O 6. Be2 c5 7.
O-O Nc6 8. d5 Na5 9. Qc2 Bg4 10.
Nd1 a6 11. Ne3 Bd7 12. Rb1 b5 13. b3 Rb8 14. Bb2 e5 15. dxe6 Bxe6 16. Rfd1 Qc7 17. e5 Ne8 18. exd6 Nxd6 19. Bxg7 Kxg7 20. Nd5 Bxd5 21. Rxd5 b4 22. Rbd1 Rbd8 23. Qd3 Nab7 24. Bf1 Nf5 25. Qe4 Rxd5 26. cxd5 Nbd6 27. Qe5+ f6 28. Qe2 Nb5 29. Qc4 Nfd6 30. Qf4 Nc3 31.
Rd2 Re8 32. Bxa6 Re4 33. Qg3 Qb6 34. Bf1 Nf5 35. Qh3 Qd6 36. g4 Nd4 37. Nxd4 cxd4 38. Bc4 Re1+ 39. Kg2 Nxd5 40. Bxd5 Qxd5+ 41. f3 d3 42.
Kf2 Re5 43. Qf1 Qd4+ 44. Kg2 Re3 45. Qd1 f5 46. h3 f4 47. Kf1 Kf6 48. Qc1 Rxf3+ 49.
Kg2 Rg3+ 50. Kh2 Kg5 51. Qe1 Qe3 52. Qc1 Rxh3+ 0-1

[Event "*** Titled Tuesday 3|2 Blitz"]
[Site "Chess.com"]
[Date "2015.05.05"]
[Round "1"]
[White "AungTZ"]
[Black "LuckyTiger"]
[Result "0-1"]
[WhiteElo "2138"]
[BlackElo "2476"]
[TimeControl "180+2"]
[EndTime "11:09:13 PDT"]
[Termination "LuckyTiger won on time"]

1. e4 e6 2. d4 d5 3. Nc3 Nf6 4. Bg5 dxe4 5. Nxe4 Nbd7 6. Nf3 h6 7. Bxf6 Nxf6 8. Bd3 Bd6 9. Qe2 Nd5 10. g3 Qe7 11. c3 Bd7 12. O-O-O Nf6 13. Kb1 Bc6 14.
Rhe1 Nxe4 15. Bxe4 Bxe4+ 16. Qxe4 c6 17. c4 Bb4 18. Re3 Rd8 19. Qc2 O-O 20. d5 Bc5 21.
Re2 Qf6 22. Ne5 cxd5 23. cxd5 Bb6 24. d6 Qf5 25. Qxf5 exf5 26. f4 Rfe8 27. Red2 f6 28.
Ng6 Kf7 29. Ne7 g6 30. h3 Rd7 31. g4 fxg4 32. hxg4 Bc5 33. f5 g5 34. Ng6 Re4 35. Rd5 b6 36. a3 a5 37. b4 axb4 38. Kc2 bxa3 39. Kb3 Rb4+ 40. Kc3 Rxg4 41. Nh8+ Kg7 42. Ng6 a2 43. Kb2 Rg2+ 44. Ka1 Bb4 45. R5d3 Rxd6 46. Ne7 Bc3+ 47. Rxc3 Rxd1+ 0-1

[Event "*** Titled Tuesday 3|2 Blitz"]
[Site "Chess.com"]
[Date "2015.05.05"]
[Round "1"]
[White "jcibarra"]
[Black "cassoulet"]
[Result "1/2-1/2"]
[WhiteElo "2495"]
[BlackElo "2181"]
[TimeControl "180+2"]
[EndTime "11:09:37 PDT"]
[Termination "Game drawn - insufficient material"]

1. e4 c5 2. Nf3 d6 3. d4 cxd4 4. Nxd4 Nf6 5. Nc3 Nc6 6. Bg5 e6 7. Qd2 a6 8. O-O-O Bd7 9. f3 Rc8 10. Kb1 b5 11. Nxc6 Bxc6 12. Bd3 Be7 13. h4 h6 14. Be3 h5 15. Bg5 Qb6 16. Ne2 Bd7 17.
Ng3 b4 18. Rhe1 e5 19. Nf5 Bxf5 20. exf5 O-O 21. g4 Rc7 22. Bxf6 Bxf6 23. g5 Bd8 24. Be4 Rd7 25. Bd5 Kh7 26. Bxf7 Rfxf7 27. g6+ Kg8 28. gxf7+ Kf8 29. Rxe5 Bf6 30. Re6 Kxf7 31. Qd5 Kf8 32. Rxd6 Rxd6 33. Qxd6+ Qxd6 34. Rxd6 Bxh4 35. Rxa6 Kf7 36.
Kc1 Bf6 37. Ra7+ Kg8 38. a3 h4 39. axb4 h3 40. Kd2 Bxb2 41. Ra8+ Kh7 42. f6 gxf6 43. Ra5 Be5 44. c3 Kg6 45. Ra1 Kf5 46. Rh1 h2 47.
Ke3 Bf4+ 48. Kd4 Kg5 49. b5 Kh4 50. c4 Kg3 51. c5 Kxf3 52. b6 f5 53. c6 Be3+ 54.
Ke5 Bxb6 55. Rb1 Bc7+ 56. Kxf5 Kg2 57. Rb2+ Kg1 58. Rb1+ Kg2 59. Ke6 h1=Q 60. Rxh1 Kxh1 61. Kd7 Bh2 62. c7 Bxc7 1/2-1/2

[Event "*** Titled Tuesday 3|2 Blitz"]
[Site "Chess.com"]
[Date "2015.05.05"]
[Round "1"]
[White "Keranke"]
[Black "llamalord42"]
[Result "1-0"]
[WhiteElo "2563"]
[BlackElo "2231"]
[TimeControl "180+2"]
[EndTime "11:10:00 PDT"]
[Termination "Keranke won by resignation"]

1. d4 Nf6 2. c4 g6 3. g3 Bg7 4.
Bg2 O-O 5. Nf3 d6 6. O-O Nbd7 7. Nc3 e5 8. e4 exd4 9. Nxd4 Re8 10. h3 a6 11. Rb1 Rb8 12. b3 c5 13.
Nde2 Ne5 14. Be3 Nc6 15. f4 h5 16. Qd2 Be6 17. Rbd1 Qc8 18. Kh2 Bf8 19. Qb2 b5 20.
Nd5 Nd7 21. cxb5 Bg7 22. Qd2 axb5 23. f5 Bxd5 24. Qxd5 Nf6 25. Qxd6 Nxe4 26. Qd3 Nb4 27. Qb1 gxf5 28. Bf4 Rb6 29. a3 Nc6 30. Bf3 Nd4 31.
Nxd4 cxd4 32. Rc1 Nc3 33. Qd3 h4 34. gxh4 Qd8 35. Bg5 Be5+ 36. Kh1 Qd6 37. Rg1 Kh8 38. Qxf5 Qg6 39. Qd7 Qe6 40. Qxe6 Rbxe6 41. Bg4 Rd6 42.
Bf5 d3 43. Bd2 Ne2 44. Rce1 Nxg1 45. Rxg1 Bg7 46. Bb4 Rd5 47. Bg4 d2 48. Kg2 Re3 49.
Rd1 Rxb3 50. Kf1 Bc3 51. Be7 Rb2 52. h5 Rc2 53. h6 Re5 54. Bf6+ Kh7 55. Bxe5 Bxe5 56.
Bf5+ Kxh6 57. Bxc2 Bc3 58. Ke2 Kg5 59. Bd3 b4 60. a4 b3 61. Rxd2 Bxd2 62. Kxd2 f5 63.
a5 f4 64. a6 f3 65. a7 f2 66. a8=Q b2 67. Qg2+ 1-0

[Event "*** Titled Tuesday 3|2 Blitz"]
[Site "Chess.com"]
[Date "2015.05.05"]
[Round "1"]
[White "Mvpag"]
[Black "bugsbunny444"]
[Result "0-1"]
[WhiteElo "1963"]
[BlackElo "2319"]
[TimeControl "180+2"]
[EndTime "11:10:05 PDT"]
[Termination "bugsbunny444 won by resignation"]

1. d4 e6 2. Nf3 d5 3. e3 Nf6 4. Bd3 c5 5. b3 Nc6 6. O-O Bd6 7.
Bb2 O-O 8. Nbd2 Qe7 9. Ne5 Qc7 10. f4 cxd4 11. exd4 Nb4 12. Qf3 b6 13. a3 Nxd3 14. Qxd3 Bb7 15. Rac1 Rac8 16. h3 Qe7 17. Rfe1 Ne4 18.
c4 Bxa3 19. Bxa3 Qxa3 20. Ra1 Qb4 21. Nxe4 dxe4 22. Qg3 a5 23. Nd7 Rfd8 24. Nf6+ Kh8 25. Nh5 Qf8 26. d5 exd5 27. f5 f6 28. cxd5 Bxd5 29.
Rac1 Qf7 30. Nf4 Bxb3 31. Qh4 Kg8 32. Rxc8 Rxc8 33. Rxe4 Re8 34. Rd4 Qe7 35. Kh2 Qe5 36. Qf2 Qxf5 37. Rd2 g5 38. Nd3 Qxf2 39. Nxf2 Re6 40.
Ng4 h5 41. Nh6+ Kh7 42. Nf5 Kg6 43. Nd4 Re3 44. Nxb3 Rxb3 45. Rd6 a4 46. h4 gxh4 47.
g3 hxg3+ 48. Kh3 a3 49. Rd2 b5 50. Kh4 b4 51. Kh3 Rb2 52. Rd3 a2 53. Rxg3+ Kh6 54.
Rg1 Rb1 55. Rg8 a1=Q 56. Rh8+ Kg7 57. Rg8+ 0-1

[Event "*** Titled Tuesday 3|2 Blitz"]
[Site "Chess.com"]
[Date "2015.05.05"]
[Round "1"]
[White "pKiLz5Rn9b"]
[Black "Nouki"]
[Result "1/2-1/2"]
[WhiteElo "2255"]
[BlackElo "2623"]
[TimeControl "180+2"]
[EndTime "11:10:34 PDT"]
[Termination "Game drawn by agreement"]

1. e4 Nf6 2. e5 Nd5 3. d4 d6 4.
Nf3 g6 5. Bc4 Nb6 6. Bb3 Bg7 7.
Ng5 e6 8. f4 dxe5 9. fxe5 c5 10.
O-O Qxd4+ 11. Qxd4 cxd4 12. Nxf7 O-O 13. Ng5 Rxf1+ 14.
Kxf1 Bxe5 15. Nxe6 Bxe6 16. Bxe6+ Kg7 17. Nd2 Nc6 18. Nf3 Bf6 19. Bd2 Rf8 20. Kg1 Na4 21.
Rb1 Re8 22. Bd5 Nb6 23. Bb3 Nd7 24. Re1 Rxe1+ 25. Nxe1 Nc5 26. Bd5 Ne7 27. Bf3 b6 28. Kf2 Kf7 29. g3 Ke6 30. Ng2 Nd5 31. h4 Na4 32. Bxd5+ Kxd5 33. Nf4+ Ke4 34. Nd3 Nc5 35. Nb4 a5 36. Nc6 d3 37. cxd3+ Nxd3+ 38. Ke2 Nxb2 39.
Na7 Be5 40. g4 Nc4 41. Bc1 Nd6 42. Nc6 Bf6 43. h5 gxh5 44. gxh5 Kd5 45. Nb8 Ke6 46. Kf3 Nb5 47. Be3 Bd4 48. Bd2 Nd6 49. Nc6 Bf6 50. Be3 Kd5 51. Na7 b5 52. Ke2 a4 53. Kd3 Bd8 54.
Bf4 Bb6 55. Bxd6 Bxa7 56. Bf8 Bc5 57. Bg7 Ke6 58. Ke4 Be7 59. Bd4 Bf6 60. Bc5 Bc3 61. Kd3 Be1 62. Ke4 b4 63. Kd3 Kd5 64. Bf8 b3 65. axb3 axb3 66. Bg7 Bb4 67. Bb2 Ba5 68.
Ba1 Bc7 69. Bc3 Be5 70. h6 b2 71. Bxe5 Kxe5 72. Kc2 Kf5 73. Kxb2 Kg5 74. Kc2 Kxh6 75. Kd2 Kh5 76. Ke2 Kg4 77. Kf2 1/2-1/2

[Event "*** Titled Tuesday 3|2 Blitz"]
[Site "Chess.com"]
[Date "2015.05.05"]
[Round "1"]
[White "igorkovalenko"]
[Black "IMRosen"]
[Result "0-1"]
[WhiteElo "2490"]
[BlackElo "2218"]
[TimeControl "180+2"]
[EndTime "11:11:01 PDT"]
[Termination "IMRosen won by resignation"]

1. d4 d5 2. c4 e6 3. Nc3 Nf6 4.
Nf3 Be7 5. Bf4 O-O 6. e3 Nbd7 7.
c5 Nh5 8. Bd3 Nxf4 9. exf4 c6 10. O-O b6 11. b4 a5 12. a3 Ba6 13. g3 Bxd3 14. Qxd3 b5 15. h4 Qc7 16. Kg2 Ra6 17.
Rfe1 Rfa8 18. Rab1 axb4 19. axb4 Ra3 20. Qc2 Bf6 21. Rh1 R8a6 22. Ng5 Nf8 23. Nf3 Nd7 24. Ne5 Bxe5 25. fxe5 Qa7 26. Rbe1 Ra1 27. h5 Rxe1 28.
Rxe1 Ra1 29. Rxa1 Qxa1 30. g4 Qa3 31. Na2 h6 32. Qd2 Qb3 33. Nc1 Qa3 34. Nd3 Qa1 35.
Ne1 Nf8 36. f4 Qb1 37. Nf3 Qe4 38. Kg3 Qb1 39. Qc3 Qa2 40. Qe1 Nh7 41. Qc1 Nf8 42. f5 Nh7 43. f6 Qb3 44. fxg7 Ng5 45. Qf4 Ne4+ 46. Kh3 Kxg7 47. Kh4 Qxb4 48. Qe3 Qb1 49. Ne1 Ng5 50. Kg3 b4 51. Nd3 b3 52. Qe2 Qh1 53.
Kf4 Qe4+ 54. Qxe4 Nxe4 55. Nb2 f6 56. Nd3 fxe5+ 57. Kxe5 Kf7 58. Nb2 Ke7 59. Na4 Nf6 60. Kf4 Nh7 61. Ke5 Nf6 62. Kf4 Nd7 63. g5 hxg5+ 64.
Kxg5 e5 65. h6 Kf7 66. dxe5 Nxe5 67. Kf5 Nd3 68. h7 Kg7 69. Nc3 b2 70. Ke6 Nxc5+ 71. Kd6 Na4 72. Nb1 d4 73. Kxc6 Nc3 74. Nd2 b1=Q 0-1

[Event "*** Titled Tuesday 3|2 Blitz"]
[Site "Chess.com"]
[Date "2015.05.05"]
[Round "1"]
[White "9ShMat2"]
[Black "Palacios-LLera"]
[Result "1/2-1/2"]
[WhiteElo "2412"]
[BlackElo "2105"]
[TimeControl "180+2"]
[EndTime "11:11:48 PDT"]
[Termination "Game drawn by 50-move rule"]

1. e4 c5 2. c3 e6 3. d4 d5 4. e5 Nc6 5. Nf3 Qb6 6. a3 Bd7 7. b4 cxd4 8. cxd4 Rc8 9. Be3 a5 10. b5 Na7 11. Qb3 Nxb5 12. Nbd2 Qc6 13. Be2 Qc3 14. Qxc3 Nxc3 15. Bd3 Bb5 16. Bxb5+ Nxb5 17. a4 Na7 18. Ke2 Nc6 19. Rhc1 Bb4 20. Rab1 Nge7 21.
Nb3 O-O 22. g4 b6 23. h4 Na7 24. Bg5 Rxc1 25. Rxc1 Rc8 26. Rxc8+ Naxc8 27. Kd3 Nc6 28. Na1 h6 29. Be3 N8a7 30. Nc2 Be7 31. Kc3 b5 32. Kb3 b4 33. Nfe1 Nc8 34. h5 Nb6 35. f4 Nc4 36. Bc1 Kf8 37. Nf3 f6 38. Ne3 Nxe3 39. Bxe3 fxe5 40.
dxe5 Ke8 41. f5 Kf7 42. Bb6 Bd8 43. Nd4 Nxd4+ 44. Bxd4 Bc7 45. Kc2 Ke7 46. Kd3 Kf7 47. Ke3 Ke7 48. Kf4 Kf7 49. Kf3 Ke7 50. Ke2 Kf7 51.
Kd1 Ke7 52. Ke1 Bd8 53. Kd2 Kd7 54. Kd3 Ke7 55. Kc2 Kf7 56. Kd2 Bc7 57. Ke3 Ke7 58. Kf4 Kf7 59. Kf3 Bd8 60. Kf2 Bc7 61.
Ke1 Bd8 62. Kd1 Ke7 63. Ke2 Kd7 64. Kd3 Ke7 65. Kc2 Kf7 66. Kb1 Bc7 67. Kc2 Bd8 68. Kd2 Bc7 69. Ke2 Bd8 70. Ke1 Bc7 71. Kf2 Bd8 72.
Kf3 Bc7 73. Ke3 Bd8 74. Kd3 Bc7 75. Kc2 Bd8 76. Kd2 Bc7 77. Ke2 Bd8 78. Kd3 Bc7 79.
Kc2 Bd8 80. Bc5 Bc7 81. Bd4 Bd8 82. Kd3 Bc7 83. Ke3 Bd8 84. Ke2 Bc7 85. Ke1 Bd8 86.
Kd1 Bc7 87. Kc1 Bd8 88. Kb1 Bc7 89. Ka2 Bd8 90. Kb3 Bc7 91. Kc2 Bd8 92. Kd2 Bc7 93.
Kd3 Bd8 94. Bc5 Bc7 95. Kd4 Bd8 96. Bd6 Bb6+ 97. Kd3 Bd8 98. Bc5 Bc7 99. Bd4 Bd8 100. Bb2 Bc7 1/2-1/2

[Event "*** Titled Tuesday 3|2 Blitz"]
[Site "Chess.com"]
[Date "2015.05.05"]
[Round "1"]
[White "ViennaRocket"]
[Black "GeorgMeier"]
[Result "0-1"]
[WhiteElo "2277"]
[BlackElo "2741"]
[TimeControl "180+2"]
[EndTime "11:11:58 PDT"]
[Termination "GeorgMeier won by resignation"]

1. d4 e6 2. c4 Nf6 3. Nc3 d5 4.
cxd5 exd5 5. Bg5 c6 6. e3 Bf5 7. Qf3 Bg6 8. Bxf6 Qxf6 9. Qxf6 gxf6 10. Kd2 Nd7 11. Bd3 Bd6 12. Nge2 Rg8 13. g3 Bxd3 14. Kxd3 f5 15. Rab1 a5 16. Rhc1 Nf6 17. Nd1 Kd7 18.
Nec3 Rge8 19. Na4 Ra7 20. Nc5+ Kd8 21. Ke2 Ne4 22. Nxe4 fxe4 23. a3 Kd7 24. Nc3 a4 25. Kd2 Ke6 26. Ne2 Rg8 27. h3 f5 28. Rg1 Raa8 29.
Nf4+ Bxf4 30. gxf4 Rg6 31. Rxg6+ hxg6 32. Rg1 Kf6 33.
Kc3 Ra6 34. b4 axb3 35. Kxb3 Rb6+ 36. Kc3 Ra6 37. Kb3 Ra8 38. a4 b6 39. Kb4 Rc8 40. h4 c5+ 41. dxc5 Rxc5 42. h5 gxh5 43. Rg5 Rc2 44. Rxh5 Rxf2 45. Rh6+ Ke7 46. Rxb6 Rb2+ 47. Kc5 Rxb6 48. Kxb6 d4 49. a5 dxe3 50. a6 e2 51. a7 e1=Q 52. a8=Q Qb4+ 53. Kc6 Qc4+ 54. Kb6 Qd4+ 55. Kc6 Qc4+ 56. Kb6 e3 57. Qa3+ Kf6 58. Qxe3 Qe4 59. Qg3 Ke6 60. Qg6+ Kd5 61. Qc6+ Kd4 62. Qc5+ Kd3 63. Qa3+ Ke2 64. Qd6 Kf3 65. Kc5 Qxf4 66.
Qd1+ Kg2 67. Qa1 Qe3+ 68. Kd5 f4 69. Qg7+ Kf1 70. Qh6 Ke2 71. Qh2+ Kd3 72. Qg2 f3 73. Qg6+ Kd2 74. Qg3 f2 75. Qh2 Ke1 76. Qh4 Ke2 77.
Qh2 Qf3+ 78. Kd4 Qd3+ 79. Ke5 Qe3+ 80. Kd5 Kd1 81. Qh5+ Qe2 0-1

[Event "*** Titled Tuesday 3|2 Blitz"]
[Site "Chess.com"]
[Date "2015.05.05"]
[Round "1"]
[White "alturas_pacificas"]
[Black "GregShahade"]
[Result "1/2-1/2"]
[WhiteElo "2133"]
[BlackElo "2445"]
[TimeControl "180+2"]
[EndTime "11:13:32 PDT"]
[Termination "Game drawn by repetition"]

1. d4 Nf6 2. Bf4 e6 3. e3 c5 4. c3 b6 5. Nd2 Bb7 6. Ngf3 cxd4 7. cxd4 Be7 8. Bd3 O-O 9. h3 d6 10. O-O Nbd7 11. Qe2 Rc8 12. e4 Re8 13. a3 Bf8 14. e5 Nd5 15. Bg3 dxe5 16. dxe5 Nc5 17. Bb1 Ba6 18.
Nc4 g6 19. Rd1 Nb3 20. Bd3 Nxa1 21. Rxa1 Qc7 22. Nd6 Bxd3 23. Qxd3 Bxd6 24. exd6 Qc2 25. Qxc2 Rxc2 26. Nd4 Rd2 27. Nc6 Nf6 28. Nxa7 Ne4 29. Nb5 e5 30. Re1 Nxd6 31. Nxd6 Rxd6 32. Rxe5 Rxe5 33.
Bxe5 Rd5 34. Bc3 b5 35. g3 Kf8 36. h4 h5 37. Kg2 Ke8 38. Kf3 Kd7 39. Ke4 Ke6 40.
f3 Rd1 41. Kf4 Rg1 42. Bd4 Rg2 43. Bc3 Kd5 44. Bf6 Kc4 45. Be5 Rf2 46. Ke4 Re2+ 47. Kf4 Kd5 48. Bc3 Ke6 49. g4 hxg4 50. Kxg4 Rg2+ 51.
Kf4 f6 52. Bd4 Rh2 53. Kg3 Rd2 54. Bc3 Rd3 55. Kg4 Rd5 56. Kg3 Kf5 57. Kf2 Rd8 58. Kg3 Re8 59. Bd4 Rc8 60. Bc3 Rd8 61. Kf2 Rh8 62. Kg3 Rc8 63. Bd4 Rc2 64. Bc3 Ke6 65. Bd4 Kf5 66. Bc3 g5 67. hxg5 fxg5 68. Bg7 Re2 69. Bc3 Re3 70. Kf2 Rd3 71. Ke2 Rd8 72. Ke3 Re8+ 73. Kf2 Rc8 74. Ke3 Rc7 75. Bd4 Rh7 76. Bc3 Rh2 77. Bd4 Rh3 78. Kf2 Rh2+ 79.
Kg3 Rc2 80. Bc3 Re2 81. Bd4 Re6 82. Bc3 Rc6 83. Bd4 Rc4 84. Bc3 Ke6 85. Bg7 Kd5 86.
Bf6 Rc2 87. Bxg5 Rxb2 88. Be7 Rb3 89. Kg4 Ke6 90. Bb4 Rd3 91. f4 Rd4 92. Kg5 Rd5+ 93. Kg4 Kf7 94. Kf3 Rd3+ 95. Ke4 Rh3 96. Ke5 Rd3 97.
Ke4 Rd7 98. Ke5 Rd1 99. Ke4 Rd8 100. Ke5 Rd1 101. Ke4 Rd7 102. Ke5 Rd1 103. Ke4 Rd8 104. Ke5 Rd1 105. Ke4 Rd7 1/2-1/2

[Event "*** Titled Tuesday 3|2 Blitz"]
[Site "Chess.com"]
[Date "2015.05.05"]
[Round "2"]
[White "PowerThinking2650"]
[Black "eltenedor"]
[Result "1-0"]
[WhiteElo "2081"]
[BlackElo "1960"]
[TimeControl "180+2"]
[EndTime "11:15:26 PDT"]
[Termination "PowerThinking2650 won by resignation"]

1. e4 c5 2. Nf3 d6 3. d4 cxd4 4. Nxd4 Nf6 5. Nc3 g6 6. Bc4 Bg7 7. Be3 Ng4 8. Bb5+ Kf8 9. O-O Nxe3 10. fxe3 Nd7 11. Ne6+ 1-0

[Event "*** Titled Tuesday 3|2 Blitz"]
[Site "Chess.com"]
[Date "2015.05.05"]
[Round "2"]
[White "geeeeri"]
[Black "zanbato17"]
[Result "1-0"]
[WhiteElo "2044"]
[BlackElo "2059"]
[TimeControl "180+2"]
[EndTime "11:16:04 PDT"]
[Termination "geeeeri won by resignation"]

1. e4 d5 2. exd5 Qxd5 3. Nc3 Qa5 4. Bc4 c6 5. d3 Bf5 6. Ne2 e6 7. Ng3 Nf6 8. O-O Bb4 9. Bd2 O-O 10. a3 Bxc3 11.
Bxc3 Qd8 12. Nxf5 exf5 13. Qf3 g6 14. Rae1 Nbd7 15. h3 Re8 16. g4 Rxe1 17. Rxe1 fxg4 18. hxg4 g5 19. Qf5 h6 20. Qg6+ Kh8 21. Qxh6+ Kg8 22.
Qg6+ Kh8 23. Bxf7 1-0

[Event "*** Titled Tuesday 3|2 Blitz"]
[Site "Chess.com"]
[Date "2015.05.05"]
[Round "2"]
[White "amaidel"]
[Black "AungTZ"]
[Result "1-0"]
[WhiteElo "2293"]
[BlackElo "2133"]
[TimeControl "180+2"]
[EndTime "11:17:57 PDT"]
[Termination "amaidel won by resignation"]

1. e4 c5 2. Nf3 Nc6 3. d4 cxd4 4. Nxd4 Nf6 5. Nc3 d6 6. Bc4 Qb6 7. Nb3 e6 8. Bf4 Ne5 9. Be2 a6 10. Be3 Qc7 11. f4 Nc4 12. Bxc4 Qxc4 13. Qd3 Qxd3 14.
cxd3 b5 15. a4 b4 16. Ne2 Bb7 17. Rc1 Kd7 18. Na5 Rb8 19. Ba7 Rc8 20. Nxb7 Rxc1+ 21. Nxc1 d5 22. e5 Ne8 23. Bc5 Kc7 24. Bxf8 Rxf8 25. Nc5 Kb6 26. N1b3 Rg8 27. Kd2 Nc7 28. Rf1 d4 29. Ne4 Rd8 30. Nd6 f6 31. Nc4+ Ka7 32.
Nba5 Rd5 33. Re1 f5 34. Nc6+ Kb7 35. Nxb4 Rd8 1-0

[Event "*** Titled Tuesday 3|2 Blitz"]
[Site "Chess.com"]
[Date "2015.05.05"]
[Round "2"]
[White "pedromartinez91"]
[Black "ViennaRocket"]
[Result "1-0"]
[WhiteElo "2155"]
[BlackElo "2266"]
[TimeControl "180+2"]
[EndTime "11:18:04 PDT"]
[Termination "pedromartinez91 won by resignation"]

1. e4 d5 2. exd5 Qxd5 3. Nc3 Qd6 4. d4 Nf6 5. Be2 Bf5 6. Bf3 c6 7. Nge2 e5 8. dxe5 Qxe5 9. O-O Be7 10. Bf4 Qa5 11. Nd4 Bg6 12. Re1 Qd8 13. Qe2 Nbd7 14. Bd6 Ng8 15. Nxc6 bxc6 16. Bxc6 Rc8 17. Ba4 Kf8 18.
Rad1 Bxd6 19. Rxd6 Ngf6 20. Nd5 Nxd5 21. Rxd7 Qg5 22. Rxd5 1-0

[Event "*** Titled Tuesday 3|2 Blitz"]
[Site "Chess.com"]
[Date "2015.05.05"]
[Round "2"]
[White "Lovlas"]
[Black "Schemato"]
[Result "1-0"]
[WhiteElo "2244"]
[BlackElo "2108"]
[TimeControl "180+2"]
[EndTime "11:18:20 PDT"]
[Termination "Lovlas won by resignation"]

1. d4 e6 2. c4 f5 3. Nc3 Nf6 4. g3 c6 5. Bg2 d5 6. Nf3 Bd6 7. O-O O-O 8. Rb1 Qe7 9. Bf4 Bxf4 10. gxf4 Nbd7 11. b4 Ne4 12. Qc2 b5 13. cxb5 Nxc3 14. Qxc3 cxb5 15. Nd2 Nb6 16. Qc5 Qe8 17. Rfc1 Bd7 18.
Qd6 Rc8 19. Rc7 Rxc7 20. Qxc7 Qb8 21. Rc1 Rc8 22. Qxb8 Rxb8 23. Rc7 a6 24. Nb3 Kf8 25. Nc5 Ke8 26. e3 Rc8 27. Ra7 Na4 28. Rxa6 Nxc5 29.
bxc5 Bc6 30. Bf1 Kd7 31. Rb6 Ra8 32. Bxb5 Bxb5 33. Rxb5 Rxa2 34. Rb7+ 1-0